 Dungeon Crawl Stone Soup version 0.30.0-29-ga12c61a403 (webtiles) character file.

Game seed: 14499517861998628601

217 cdecastro the Shooter (level 5, -1/47 HPs)
             Began as a Minotaur Hunter on June 23, 2023.
             Slain by a sky beast (3 damage)
             ... on level 3 of the Dungeon.
             The game lasted 00:03:29 (2319 turns).

cdecastro the Shooter (Minotaur Hunter)             Turns: 2319, Time: 00:03:29

Health: -1/47      AC:  5    Str: 18    XL:     5   Next: 62%
Magic:  4/4        EV: 11    Int:  6    God:
Gold:   156        SH:  0    Dex: 13    Spells: 4/4 levels left

rFire   + . .        a - +0 shortbow
rCold   . . .        (shield currently unavailable)
rNeg    . . .        z - +0 ring mail
rPois   .            (helmet restricted)
rElec   .            (no cloak)
rCorr   .            (no gloves)
SInv    .            (no boots)
Will    .....        v - amulet of the acrobat
Stlth   +            u - ring of protection from fire
HPRegen 0.27/turn    (no ring)
MPRegen 0.09/turn

%: acrobat
@: no status effects
A: horns 2, retaliatory headbutt
a: no special abilities


You were on level 3 of the Dungeon.
You visited 1 branch of the dungeon, and saw 4 of its levels.

You collected 156 gold pieces.

Inventory:

Hand Weapons
 a - a +0 shortbow (weapon)
Armour
 c - a +0 leather armour
 z - a +0 ring mail (worn)
Jewellery
 u - a ring of protection from fire (left hand)
 v - an amulet of the acrobat (around neck)
Wands
 x - a wand of iceblast (8)
Scrolls
 b - a scroll of immolation
 d - a scroll of amnesia {unknown}
 f - 2 scrolls of poison {unknown}
 h - a scroll of fog {unknown}
 j - 2 scrolls of enchant weapon {unknown}
 k - 6 scrolls of identify {unknown}
 m - a scroll of enchant armour {unknown}
 q - a scroll of brand weapon {unknown}
 r - 4 scrolls of teleportation {unknown}
 s - a scroll of magic mapping {unknown}
 w - a scroll of silence {unknown}
 y - 2 scrolls of blinking {unknown}
Potions
 e - a potion of invisibility {unknown}
 g - a potion of attraction {unknown}
 i - 2 potions of might {unknown}
 l - a potion of haste {unknown}
 n - a potion of mutation {unknown}
 o - a potion of heal wounds {unknown}
 p - 2 potions of curing {unknown}
 t - a potion of flight {unknown}


   Skills:
 + Level 4.5 Fighting
 * Level 6.7 Ranged Weapons
 - Level 2.1 Dodging
 - Level 0.7 Stealth


You had 4 spell levels left.
You didn't know any spells.
Your spell library contained the following spells:

 Spells                   Type           Power      Damage    Failure   Level
 Apportation              Tloc           0%         N/A       65%         1
 Beastly Appendage        Tmut           0%         N/A       65%         1
 Necrotise                Necr           0%         1d4       65%         1
 Sublimation of Blood     Necr           0%         N/A       80%         2
 Wereblood                Tmut           0%         N/A       80%         2
 Spider Form              Tmut/Pois      0%         N/A       95%         3
 Vampiric Draining        Necr           0%         2d6       95%         3
 Petrify                  Tmut/Erth      0%         N/A       100%        4
 Agony                    Necr           0%         N/A       100%        5
 Alistair's Intoxication  Tmut/Pois      0%         N/A       100%        5
 Necromutation            Tmut/Necr      0%         N/A       100%        8


Dungeon Overview and Level Annotations

Branches:
Dungeon (4/15)
 Temple: D:4-7

Altars:
Makhleb

Shops:
D:1 [

Annotations:
D:1 vault need dig


Innate Abilities, Weirdness & Mutations

You have a pair of horns on your head.
You reflexively headbutt those who attack you in melee.


Message History

There is an open door here.
You open the door.
There is an open door here.
A sky beast comes into view.
A sky beast is nearby!
A sky beast is nearby!
A sky beast is nearby!
There is a stone staircase leading up here.
The sky beast flickers out of sight!
Deactivating autopickup; reactivate with Ctrl-A.
Something hits you but does no damage.
You climb upwards.
Reactivating autopickup.
There is a stone staircase leading down here.
Unknown command.
Something hits you but does no damage.
Deactivating autopickup; reactivate with Ctrl-A.
Something completely misses you.
You shoot an arrow. Something hits you. Something shocks you.
You shoot an arrow. Something hits you. Something shocks you.
You shoot an arrow. Something hits you but does no damage.
You shoot an arrow. Something hits you. Something shocks you.
* * * LOW HITPOINT WARNING * * *
Something hits you.
* * * LOW HITPOINT WARNING * * *
Something shocks you.
* * * LOW HITPOINT WARNING * * *
You shoot an arrow. Something hits you but does no damage.
You shoot an arrow. Something hits you.
* * * LOW HITPOINT WARNING * * *
Something shocks you.
* * * LOW HITPOINT WARNING * * *
You shoot an arrow.
Something hits you but does no damage. x2
You shoot an arrow. Something hits you.
* * * LOW HITPOINT WARNING * * *
Something shocks you.
* * * LOW HITPOINT WARNING * * *
You shoot an arrow. Something completely misses you.
You shoot an arrow. Something hits you.
You die...

......#### ####### .........#
###.....## .........########
#.........
..........).....########.........
............###..................
..............#....>.............
..........##.....................
..............#.{................
.....>...##.#...@................
......#####....................).
.............#...##..............
......######.....................
..........###.......##..(........
...........##....##.##...........
......###............#...........
.(.......###.#.##................
...........<.....................


There were no monsters in sight!

Vanquished Creatures
  A jelly (D:4)
  A hound (D:3)
  Jessica (D:2)
  4 gnolls (D:2)
  4 adders
  A worm (D:4)
  3 dart slugs (D:1)
  An orc (D:3)
  2 bats (D:2)
  2 endoplasms
  6 giant cockroaches
  6 goblins
  2 hobgoblins (D:2)
  3 kobolds
  2 quokkas (D:1)
  7 ball pythons
  3 frilled lizards
  7 rats
56 creatures vanquished.

Notes
Turn   | Place    | Note
-------+----------+-------------------------------------------
     0 | D:1      | cdecastro the Minotaur Hunter began the quest for the Orb.
     0 | D:1      | Reached XP level 1. HP: 18/18 MP: 0/0
   248 | D:1      | Reached XP level 2. HP: 25/25 MP: 1/1
   393 | D:1      | Reached skill level 5 in Ranged Weapons
   454 | D:1      | Found Zumalec's Antique Armour Shoppe.
   789 | D:2      | Reached XP level 3. HP: 31/31 MP: 2/2
   958 | D:2      | Noticed Jessica
   961 | D:2      | Killed Jessica
   962 | D:2      | Reached XP level 4. HP: 39/39 MP: 3/3
  1340 | D:2      | Reached skill level 6 in Ranged Weapons
  1466 | D:2      | Found a faded altar of an unknown god.
  1651 | D:3      | Reached XP level 5. HP: 35/46 MP: 4/4
  2012 | D:4      | Got the Spellbook of Charnel Talus
  2151 | D:4      | Found a burning altar of Makhleb.
  2178 | D:4      | Noticed a phantom
  2274 | D:4      | Noticed a sky beast
  2317 | D:3      | HP: 2/47 [something (5)]
  2319 | D:3      | Slain by a sky beast

Illustrated notes

Levels and vault maps discovered:
D:1:      psy_arrival_conway, layout_loops_ring, serial_shops,
          nicolae_shop_tiny_glass, minmay_surrounded
D:2:      layout_loops_ring, dreamdust_ecumenical_altar_hidden_monk_grotto,
          solitary_fountain, uniq_jessica
D:3:      layout_rooms
D:4:      layout_loops_corners, kennysheep_mini

Skill      XL: |  1  2  3  4 |
---------------+-------------+-----
Fighting       | 3 4 |  4.5
Ranged Weapons | 5 6 |  6.7
Dodging        | |  2.1
Stealth        | |  0.7

Action                     |  1- 3 |  4- 6 || total
---------------------------+-------+-------++-------
   Fire: Shortbow          |    59 |    91 ||   150
 Armour: Leather armour    |       |     1 ||     1
         Ring mail         |       |     7 ||     7
  Dodge: Dodged            |    10 |    26 ||    36
